 BcadrenCrawl: Boulder Brew version 0.06.7.3-23-g1ca577db0e (webtiles) character file.

Game seed: 4875000007862749064

332 MackTheKnife the Ruffian (level 6, 0/64 HPs) Rock Troll Fighter. Began on Nov 17, 2023. Splashed by a jelly's acid (4 damage) ... on level 1 of the Dungeon. The game lasted 00:03:31 (1239 turns).

MackTheKnife the Ruffian (Rock Troll Fighter)       Turns: 1239, Time: 00:03:31

Health: 0/64       AC: -2    Str: 21    XL:     6 ^: 258
Magic:  5/5        EV: 13    Int:  8    God:
Gold:   67         SH:  5    Dex:  7    Spells: 5/5 levels left

rFire    . . .     Slash    .     - Unarmed
rCold    . . .     Pierce   .   b - +0 heater shield
rNeg     . . .     Bludgeon .   e - +0 ring mail
rCorr    . . .     Vision   .   (no helmet)
rPois    .         Gourm    +   (no cloak)
rElec    .                      (gloves unavailable)
MR       .....                  (no boots)
HPRegen  0.71/turn              (no amulet)
MPRegen  0.15/turn              k - ring of evasion (curse) {(Curse: Dex-4)}
Stlth    ..........             (no ring)

@: corroded
A: claws 2, deformed body 1, fast metabolism 2, gourmand, regeneration 1, roll
1, craggy skin
a: Rolling Charge


You were on level 1 of the Dungeon.
You were completely stuffed.

You visited 1 branch of the dungeon, and saw 2 of its levels.

You collected 67 gold pieces.


Innate Abilities, Weirdness & Mutations

You have claws for hands. (+6 Unarmed)
Armour fits poorly on your strangely shaped body.
You have a very fast metabolism.
You like to eat raw meat.
You heal very quickly.
You can roll at nearby foes to attack.
Your rough stony skin repels attacks and injures those that touch it. (AC +2)
Contact with your craggy hide deals up to 2 damage to attackers, which partially ignores AC.


   Skills:
 - Level 2.6 Fighting
 - Level 2.4 Armour
 - Level 2.4 Shields
 + Level 6.7 Unarmed Combat


You had 5 spell levels left.
You didn't know any spells.
Your spell library was empty.

Inventory:

Shields
 b - a +0 heater shield (shield)
Armour
 e - a +0 ring mail (worn)
   (You found it on level 1 of the Dungeon)
 j - a cursed +0 pair of boots {(Curse: -Vis)}
   (You found it on level 1 of the Dungeon)
Jewellery
 k - a cursed ring of evasion (left claw) {(Curse: Dex-4)}
   (You took it off a kobold on level 1 of the Dungeon)
Scrolls
 h - 2 scrolls of magic mapping {!r}
 i - a scroll of fog
Potions
 f - a potion of amnesia
Miscellaneous
 c - an empty bottle
Comestibles
 d - 4 rations {@e2}

Dungeon Overview and Level Annotations

Branches:
Dungeon (2/8)

Altars:

####### ############## #.....#
#............#
#.....######............###
#####.)............?........#..
#...........................#..
#....###......≈≈......####.....
#....# #......@J...............
#....###.....≈≈÷..)...#.##...#.
#..........).....#......##...##
#..........##....#......##...#
#..........##....#......##...#
##..........##....#.........####
#.................##.....)......
#.......###....[.........##...#.
#.......# #............####.###.


You could see a jelly.


Message History

You take 4 damage, and now have 57/64 hp.
You scratch the jelly but do no damage.
The jelly hits you but does no damage. 😕 HP[+1]
The jelly splashes around in the water.
You see here a sewer rat skeleton. 😕 HP[+1]
You barely miss the jelly.
Your claws burn (1).
You scratch the jelly (4).
It resists.
The jelly splashes around in the water. 😕 HP[-1]
You take 1 damage, and now have 58/64 hp.
Your claws burn (4).
You scratch the jelly (3).
It resists. 😕 HP[-3]
You take 3 damage, and now have 55/64 hp.
The acid corrodes you!
Your claws burn (4).
You scratch the jelly (3).
It resists.
The jelly is rubbed raw by your scabrous hide (2).
The jelly barely misses you. 😕 HP[-4]
You take 4 damage, and now have 51/64 hp.
Your claws burn (1).
You scratch the jelly (2).
It resists. 😕 HP[-1]
You take 1 damage, and now have 50/64 hp.
Your claws burn (1).
You scratch the jelly (2).
It resists.
The jelly hits you (3). The acid corrodes you!
You are splashed with acid (5). 😮 HP[-8]
You take 8 damage, and now have 42/64 hp.
Unknown command.
Your claws burn (2).
You scratch the jelly (2).
It resists. 😮 HP[-2]
You take 2 damage, and now have 40/64 hp.
Unknown command.
Your claws burn (1).
You scratch the jelly (2).
It resists.
The jelly is rubbed raw by your scabrous hide (2).
The jelly hits you (3). The acid corrodes you!
You are splashed with acid (10)!
* * * LOW HITPOINT WARNING * * *
😨 HP[-13]
You take 13 damage, and now have 27/64 hp.
MASSIVE DAMAGE!! (PAUSE)
Your claws burn (2).
* * * LOW HITPOINT WARNING * * *
You scratch the jelly (1).
It resists. 😨 HP[-2]
You take 2 damage, and now have 25/64 hp.
Your claws burn (1).
* * * LOW HITPOINT WARNING * * *
You scratch the jelly (1).
It resists.
The jelly splashes around in the water. 😨 HP[-1]
You take 1 damage, and now have 24/64 hp.
Unknown command.
Your claws burn (1).
* * * LOW HITPOINT WARNING * * *
You scratch the jelly (1).
It resists.
There is a stone staircase leading up here.
Unknown command.
The jelly splashes around in the water.
You climb upwards.
There is a stone staircase leading down here. 😨 HP[+2]
You regained 2 hp, and now have 26/64 hp.
Unknown command.
Punch: -) Claws (10)
Press: ? - help, Dir - move target, f - jelly
Aim: a jelly (98% to-hit, heavily wounded (21/49), 72% (Melee))
Okay, then.
Okay, then.
Unknown command.
Unknown command.
Okay, then.
Your claws burn (2).
* * * LOW HITPOINT WARNING * * *
You scratch the jelly (1).
It resists. 😨 HP[-2]
You take 2 damage, and now have 24/64 hp.
Your claws burn (4).
* * * LOW HITPOINT WARNING * * *
You scratch the jelly (5).
It resists.
The jelly hits you (3).
* * * LOW HITPOINT WARNING * * *
You are splashed with acid (10)!
* * * LOW HITPOINT WARNING * * *
Unknown command.
Your claws burn (2).
* * * LOW HITPOINT WARNING * * *
You scratch the jelly (1).
It resists.
Unknown command. 😱 HP[-18]
You take 18 damage, and now have 6/64 hp.
MASSIVE DAMAGE!! (PAUSE)
Your claws burn (1).
* * * LOW HITPOINT WARNING * * *
You scratch the jelly (1).
It resists.
The jelly splashes around in the water.
Unknown command.
Your claws burn (2).
* * * LOW HITPOINT WARNING * * *
You scratch the jelly (3).
It resists. 😱 HP[-2]
You take 2 damage, and now have 4/64 hp.
Unknown command.
Your claws burn (4).
You die...

Skill      XL: |  1  2  3  4  5 |
---------------+----------------+-----
Unarmed Combat | 3 4 5 6 |  6.7
Fighting       | |  2.6
Armour         | |  2.4
Shields        | |  2.4

Action                   |  1- 3 |  4- 6 || total
-------------------------+-------+-------++-------
Melee: Unarmed           |    67 |   118 ||   185
 Abil: Rolling Charge    |     1 |       ||     1
  Use: Scroll            |       |     2 ||     2
       Potion            |       |     1 ||     1
  Eat: Chunk             |    12 |     5 ||    17
Armor: Scale mail        |    20 |    16 ||    36
       Ring mail         |       |     2 ||     2
Dodge: Dodged            |    11 |    22 ||    33
Block: Heater shield     |     8 |    15 ||    23

Levels and vault maps discovered:
D:1:      minmay_arrival_open_corners, layout_basic, minmay_pentomino_t4
D:2:      layout_sewer, elyvilon_niche

Notes
Turn   | Place    | Note
-------+----------+-------------------------------------------
     0 | D:1      | MackTheKnife the Rock Troll Fighter began the quest for the
                  | Orb.
     0 | D:1      | Reached XP level 1. HP: 24/24 MP: 0/0
     0 | D:1      | magus.rc [v1.9.6]
    35 | D:1      | Reached skill level 3 in Unarmed Combat
    35 | D:1      | Reached XP level 2. HP: 29/32 MP: 1/1
   108 | D:1      | Reached XP level 3. HP: 40/40 MP: 2/2
   456 | D:1      | Reached skill level 4 in Unarmed Combat
   742 | D:2      | Reached XP level 4. HP: 17/48 MP: 3/3
   810 | D:2      | Reached skill level 5 in Unarmed Combat
   839 | D:2      | Reached XP level 5. HP: 55/56 MP: 4/4
   883 | D:2      | HP: 12/56 [acid (8)]
  1074 | D:2      | HP: 10/56 [crocodile (9)]
  1075 | D:2      | HP: 1/56 [crocodile (10)]
  1080 | D:2      | Reached skill level 6 in Unarmed Combat
  1085 | D:2      | HP: 9/56 [ooze (1)]
  1180 | D:2      | Reached XP level 6. HP: 49/64 MP: 5/5
  1235 | D:1      | HP: 8/64 [acid (10)]
  1239 | D:1      | Splashed by a jelly's acid

Vanquished Creatures
  A big kobold (D:2)
  A jelly (D:2)
  9 sewer rats
  6 cinder newts
  2 oozes (D:2)
  A dart slug (D:1)
  3 leopard geckos
  2 ball pythons
  5 bats
  6 goblins (D:1)
  5 hobgoblins (D:1)
  A bat skeleton (D:2)
  6 kobolds
  3 rats (D:1)
51 creatures vanquished.

Vanquished Creatures (collateral kills)
  A crocodile (D:2)
  A giant cockroach (D:2)
  A kobold (D:2)
3 creatures vanquished.

Vanquished Creatures (others)
  15 withered plants (D:2)
15 creatures vanquished.

Grand Total: 69 creatures vanquished

Table legend:
 A = Non-vault XP
 B = Vault XP
 C = Vault XP percentage of total XP
 D = Non-vault monster count
 E = Vault monster count
 F = Vault count percentage of total count
                 A         B        C        D         E       F
            +---------+---------+-------+---------+---------+-------
      Total |     469 |       6 |   1.3 |      50 |       4 |   7.4
            +---------+---------+-------+---------+---------+-------
        D:1 |      79 |       6 |   7.1 |      24 |       4 |  14.3
        D:2 |     390 |       0 |   0.0 |      26 |       0 |   0.0
            +---------+---------+-------+---------+---------+-------

Illustrated notes

Table legend:
 A = Kills in this place as a percentage of kills in entire the game.
 B = Kills by you in this place as a percentage of kills by you in the entire game.
 C = Kills by friends in this place as a percentage of kills by friends in the entire game.
 D = Other kills in this place as a percentage of other kills in the entire game.
 E = Experience gained in this place as a percentage of experience gained in the entire game.
 F = Experience gained in this place divided by the number of levels of this place that you have seen.
                   A       B       C       D       E      F
               +-------+-------+-------+-------+-------+----------------------
         Total | 100.0 | 100.0 | 100.0 |   N/A | 100.0 | 237.5
       Dungeon | 100.0 | 100.0 | 100.0 |   N/A | 100.0 | 237.5
               +-------+-------+-------+-------+-------+----------------------

Table legend: (Time is in decaauts)
 A = Elapsed time spent in this place.
 B = Non-inter-level travel time spent in this place.
 C = Inter-level travel time spent in this place.
 D = Time resting spent in this place.
 E = Time spent auto-exploring this place.
 F = Levels seen in this place.
 G = Mean time per level.
                   A        B        C        D        E       F      G
               +--------+--------+--------+--------+--------+-----+--------+
         Total |   1182 |   1144 |     38 |    128 |    624 |   2 |  591.0 |
       Dungeon |   1182 |   1144 |     38 |    128 |    624 |   2 |  591.0 |
               +--------+--------+--------+--------+--------+-----+--------+

Top non-repeatable levels by time:
     D:1: 926 daAuts
     D:2: 256 daAuts
